 Dungeon Crawl Stone Soup version 0.30-b1-2-g02819fbbbe (webtiles) character file.

Game seed: 8759481658623126671

996 ElMinstaer the Cudgeller (level 7, -13/72 HPs)
             Began as a Troll Fighter on May 20, 2023.
             Mangled by an ogre
             ... wielding a +0 giant club
              (22 damage)
             ... on level 5 of the Dungeon.
             The game lasted 00:13:21 (3280 turns).

ElMinstaer the Cudgeller (Troll Fighter)            Turns: 3280, Time: 00:13:21

Health: -13/72     AC: 13    Str: 27      XL:     7   Next: 99%
Magic:  6/6        EV:  8    Int:  4      God:
Gold:   174        SH:  6    Dex:  1 (9)  Spells: 6/6 levels left

rFire   . . .        a - +0 flail
rCold   . . .        c - +0 kite shield
rNeg    . . .        b - +0 robe
rPois   .            (helmet restricted)
rElec   .            h - +0 cloak
rCorr   .            (gloves unavailable)
SInv    .            (boots unavailable)
Will    .....        C - amulet of regeneration
Stlth   +            n - +4 ring of protection
HPRegen 1.92/turn    E - +4 ring of protection
MPRegen 0.10/turn

%: no passive effects
@: lethally poisoned (-13 -> -16)
A: large, unfitting armour, claws 3, regeneration 1, shaggy fur 1, tough skin 1
a: no special abilities


You were on level 5 of the Dungeon.
You visited 1 branch of the dungeon, and saw 5 of its levels.

You collected 174 gold pieces.

Inventory:

Hand Weapons
 a - a +0 flail (weapon)
Missiles
 m - 5 large rocks (quivered)
 o - 2 boomerangs
 w - 12 poisoned darts
 y - 2 datura-tipped darts
Armour
 b - a +0 robe (worn)
 c - a +0 kite shield (worn)
 h - a +0 cloak (worn)
 z - a scarf of invisibility
Jewellery
 n - a +4 ring of protection (left claw)
 B - a ring of flight
 C - an amulet of regeneration (around neck)
 E - a +4 ring of protection (right claw)
Wands
 u - a wand of mindburst (10)
Scrolls
 f - a scroll of summoning {unknown}
 i - 2 scrolls of enchant armour
 p - 2 scrolls of teleportation {unknown}
 r - a scroll of torment {unknown}
 s - 2 scrolls of blinking {unknown}
 t - 2 scrolls of enchant weapon {unknown}
 A - a scroll of magic mapping {unknown}
 D - a scroll of vulnerability {unknown}
Potions
 d - a potion of berserk rage {unknown}
 e - 5 potions of heal wounds {unknown}
 g - a potion of attraction
 j - 3 potions of brilliance
 k - a potion of resistance
 l - 4 potions of curing
 q - 2 potions of lignification
 x - 2 potions of degeneration {unknown}


   Skills:
 + Level 5.0 Fighting
 * Level 7.1 Maces & Flails
 - Level 2.4 Dodging
 - Level 2.6 Shields


You had 6 spell levels left.
You didn't know any spells.
Your spell library contained the following spells:

 Spells                   Type           Power      Damage    Failure   Level
 Lesser Beckoning         Tloc           0%         N/A       87%         2
 Gell's Gravitas          Tloc           0%         N/A       98%         3
 Teleport Other           Tloc           0%         N/A       98%         3


Dungeon Overview and Level Annotations

Branches:
Dungeon (5/15)
 Temple: D:4-7

Altars:
Qazlal

Shops:
D:4 [((


Innate Abilities, Weirdness & Mutations

You are too large for most types of armour.
You have claws for hands.
Your natural rate of healing is unusually fast.
You are covered in fur. (AC +1)
You have tough skin. (AC +1)


Message History

You flicker back into view.
You feel very sick.
The jackal bites you but does no damage. x2
The jackal bites you.
The jackal bites you but does no damage.
The orc hits you with a +0 flail.
The jackal bites you but does no damage. x2
You thump the orc!
You kill the orc!
You feel sick.
The gnoll hits you from afar with a +1 spear of venom.
You are more poisoned.
The jackal bites you but does no damage. x2
The ogre hits you with a +0 giant club. The jackal bites you. x2
The gnoll hits you but does no damage.
You are more poisoned.
The gnoll hits you from afar with a +0 halberd.
You sock the ogre!
The ogre is moderately wounded.
You feel extremely sick. The jackal bites you.
* * * LOW HITPOINT WARNING * * *
The jackal bites you but does no damage.
The gnoll hits you but does no damage.
You are more poisoned.
The gnoll hits you from afar with a +0 halberd.
* * * LOW HITPOINT WARNING * * *
The jackal bites you but does no damage.
The jackal barely misses you. The ogre hits you but does no damage.
The gnoll hits you but does no damage. x2
The jackal bites you but does no damage. x2
You sock the ogre!
The ogre is almost dead.
Your dexterity has recovered.
You feel yourself speed up.
You feel extremely sick.
The jackal bites you but does no damage. x2
The gnoll misses you. The gnoll barely misses you.
The ogre hits you with a +0 giant club!!
You die...

#........###
### #........#
#........#
#........# §
#.....)..#§§§§
#........######
#.g.g##......_#
#.ghO##..######
#.sh@#####§§§§§
###### §§§§§
§§§§§ §§§§


You could see an ogre, a scorpion, 3 gnolls and 2 jackals.

Vanquished Creatures
  Sigmund (D:3)
  A black bear (D:5)
  3 scorpions (D:4)
  5 quasits (D:4)
  An orc priest (D:4)
  An iguana (D:5)
  Ijyb (D:3)
  A sleepcap (D:4)
  A gnoll (D:5)
  7 adders
  5 shadow imps (D:4)
  11 white imps
  An ufetubus (D:4)
  2 worms
  2 dart slugs
  9 orcs
  10 endoplasms
  4 giant cockroaches
  3 goblins
  7 hobgoblins
  8 jackals
  12 kobolds
  6 quokkas
  4 ball pythons
  5 bats
  4 frilled lizards
  7 rats
122 creatures vanquished.

Vanquished Creatures (others)
  A demonic plant (D:4)
1 creature vanquished.

Grand Total: 123 creatures vanquished

Notes
Turn   | Place    | Note
-------+----------+-------------------------------------------
     0 | D:1      | ElMinstaer the Troll Fighter began the quest for the Orb.
     0 | D:1      | Reached XP level 1. HP: 22/22 MP: 0/0
   140 | D:1      | Reached skill level 2 in Maces & Flails
   204 | D:1      | Reached XP level 2. HP: 26/29 MP: 1/1
   635 | D:1      | Reached XP level 3. HP: 35/36 MP: 2/2
   827 | D:2      | Reached skill level 3 in Maces & Flails
  1174 | D:2      | Reached XP level 4. HP: 45/45 MP: 3/3
  1544 | D:3      | Noticed Ijyb
  1554 | D:3      | Killed Ijyb
  1604 | D:3      | Found a faded altar of an unknown god.
  1604 | D:3      | Noticed a floating eye
  1608 | D:3      | Noticed a great orb of eyes
  1608 | D:3      | Noticed a floating eye
  1608 | D:3      | Noticed a golden eye
  1618 | D:3      | Reached skill level 4 in Maces & Flails
  1765 | D:3      | Noticed Sigmund
  1780 | D:3      | Killed Sigmund
  1781 | D:3      | Reached XP level 5. HP: 25/54 MP: 4/4
  1781 | D:3      | Reached XP level 6. HP: 29/62 MP: 5/5
  1782 | D:3      | Reached skill level 5 in Maces & Flails
  2225 | D:4      | Reached XP level 7. HP: 57/70 MP: 6/6
  2450 | D:4      | Reached skill level 6 in Maces & Flails
  2501 | D:4      | Found Coredd's Antique Armour Emporium.
  2502 | D:4      | Found Liafazie's Antique Weapon Emporium.
  2503 | D:4      | Found Founush's Antique Weapon Emporium.
  2851 | D:4      | Lost dexterity.
  3110 | D:5      | Entered Level 5 of the Dungeon
  3233 | D:5      | Found a stormy altar of Qazlal.
  3262 | D:5      | Reached skill level 5 in Fighting
  3262 | D:5      | Reached skill level 7 in Maces & Flails
  3280 | D:5      | Mangled by an ogre

Illustrated notes

Levels and vault maps discovered:
D:1:      dpeg_arrival_snail, layout_loops_ring
D:2:      layout_loops_ring, hangedman_feature_mirror, minmay_misc_feat_rugged
D:3:      layout_loops_ring, hellmonk_ecumenical_altar_watching_god,
          uniq_sigmund, uniq_ijyb
D:4:      minmay_razor_zed, layout_cave_pools, serial_demonic, serial_demonic_d,
          serial_demonic_g, serial_demonic_f, serial_demonic_b,
          serial_demonic_a, serial_demonic_d, serial_demonic_c,
          serial_demonic_d, nicolae_shop_distant_corner_stores,
          minmay_misc_feat_x, chequers_arboretum
D:5:      layout_basic, nicolae_qazlal_eye_of_the_storm, old_standard_altar,
          nicolae_concentric_dashed_squares_wild, item_on_display_a

Skill      XL: |  1  2  3  4  5  6  7 |
---------------+----------------------+-----
Maces & Flails | 2 3 4 5 7 |  7.1
Fighting       | 3 4 5 |  5.0
Dodging        | |  2.4
Shields        | |  2.6

Action                     |  1- 3 |  4- 6 |  7- 9 || total
---------------------------+-------+-------+-------++-------
  Melee: Flail             |   170 |   149 |   191 ||   510
    Use: Scroll            |       |     7 |       ||     7
         Potion            |       |     1 |     1 ||     2
 Armour: Robe              |    94 |    95 |   354 ||   543
  Dodge: Dodged            |   100 |    74 |    95 ||   269
  Block: Kite shield       |    87 |    88 |    61 ||   236
